[Event "Titled Tuesday Blitz May 2 Early 2023"]
[White "Saya, Ethan"]
[Black "Dronavalli, Harika"]
[WhiteFideId "26095181"]
[BlackFideId "5015197"]
[WhiteElo "2189"]
[BlackElo "2432"]
[Result "0-1"]
[Round "04"]
[TimeControl "180+2"]
[Date "2023.05.02"]
[WhiteClock "0:00:04"]
[BlackClock "0:00:38"]

1. e4 Nc6 2. Nf3 d6 3. d4 g6 4. d5 Ne5 5. Nxe5 dxe5 6. Nc3 Bg7 7. Be3 Nf6 8. f3 O-O 9. Qd2 e6 10. Bc4 exd5 11. Nxd5 Nxd5 12. Bxd5 c6 13. Bb3 Qe7 14. O-O Be6 15. Qc3 Rfd8 16. Rad1 Bxb3 17. axb3 Qc7 18. b4 b6 19. b5 c5 20. Qc4 Qb7 21. c3 h6 22. Kf2 Kh7 23. Ke2 f5 24. Rxd8 Rxd8 25. Rd1 Rxd1 26. Kxd1 Qd7+ 27. Ke2 f4 28. Bf2 Bf6 29. b4 cxb4 30. Qxb4 Kg7 31. c4 Be7 32. Qc3 Qd6 33. Qd3 Kf6 34. Qxd6+ Bxd6 35. Kd3 Ke6 36. g3 fxg3 37. hxg3 h5 38. Be3 Be7 39. f4 exf4 40. Bxf4 Bd6 41. Bxd6 Kxd6 42. Kd4 g5 43. e5+ Ke6 44. Ke4 h4 45. gxh4 gxh4 46. Kf4 h3 47. Kg3 Kxe5 48. c5 bxc5 49. Kxh3 Kd5 50. b6 axb6 0-1


[Site "https://www.chess.com"]

[Event "Titled Tuesday Blitz May 2 Early 2023"]
[White "Eynullayev, Altay"]
[Black "Vaibhav Jayant Raut"]
[WhiteFideId "13413562"]
[BlackFideId "5089034"]
[WhiteElo "2114"]
[BlackElo "2156"]
[Result "0-1"]
[Round "04"]
[TimeControl "180+2"]
[Date "2023.05.02"]
[WhiteClock "0:00:15"]
[BlackClock "0:00:05"]

1. e4 c5 2. Nf3 e6 3. g3 Nc6 4. Bg2 Nf6 5. Nc3 d5 6. exd5 exd5 7. d4 cxd4 8. Nxd4 Be7 9. O-O O-O 10. Nxc6 bxc6 11. Na4 Re8 12. Bf4 Bf5 13. c4 Qa5 14. Nc3 Rad8 15. cxd5 cxd5 16. Ne2 d4 17. Nxd4 Qb4 18. Be3 Bc5 19. a3 Qb6 20. Nxf5 Rxd1 21. Raxd1 Bxe3 22. Nxe3 Qxb2 23. a4 Qb3 24. a5 h5 25. h4 Rxe3 26. fxe3 Qxe3+ 27. Kh1 Qxg3 28. Rf3 Qxh4+ 29. Rh3 Qa4 30. Rd8+ Kh7 31. Bf1 Qxa5 32. Rhd3 Qe1 33. Rd1 Qh4+ 34. Kg2 Ng4 35. R1d2 g6 36. R8d3 a5 37. Re2 Qg5 38. Kh1 a4 39. Bg2 Qc1+ 0-1


[Site "https://www.chess.com"]

[Event "Titled Tuesday Blitz May 2 Early 2023"]
[White "Suder, Jakub"]
[Black "Colbow, Collin"]
[WhiteFideId "1195310"]
[BlackFideId "16201132"]
[WhiteElo "2287"]
[BlackElo "2316"]
[Result "0-1"]
[Round "04"]
[TimeControl "180+2"]
[Date "2023.05.02"]
[WhiteClock "0:02:09"]
[BlackClock "0:01:55"]

1. d4 d6 2. Nf3 Nf6 3. c4 Nbd7 4. Nc3 e5 5. Bg5 Be7 6. e3 O-O 7. Qc2 c6 8. Bd3 Qc7 9. Bxh7+ Nxh7 10. Bxe7 Re8 11. Bh4 Nb6 12. b3 Bg4 13. Ng5 Nxg5 14. Bxg5 exd4 15. Ne2 Bxe2 16. Qxe2 d5 17. O-O dxc4 18. bxc4 Qe5 19. Bf4 Qxf4 0-1


[Site "https://www.chess.com"]

[Event "Titled Tuesday Blitz May 2 Early 2023"]
[White "Przybylski, Wojciech"]
[Black "Nikologorskiy, Konstantin"]
[WhiteFideId "1117599"]
[BlackFideId "24111708"]
[WhiteElo "2222"]
[BlackElo "2293"]
[Result "0-1"]
[Round "04"]
[TimeControl "180+2"]
[Date "2023.05.02"]
[WhiteClock "0:00:07"]
[BlackClock "0:00:05"]

1. e4 c5 2. Nf3 d6 3. a3 g6 4. d3 Bg7 5. Nc3 Nc6 6. h3 e6 7. Bg5 Nge7 8. Qd2 O-O 9. Be2 Rb8 10. O-O b5 11. Nd1 a5 12. Nh2 Ba6 13. Ng4 b4 14. a4 f6 15. Bf4 e5 16. Bh2 f5 17. Nge3 Nd4 18. Nc4 Bxc4 19. dxc4 fxe4 20. Re1 Nef5 21. Ne3 Qg5 22. Kh1 Nxe3 23. fxe3 Rf2 24. Rg1 Rxe2 25. Qd1 Qxe3 26. c3 Nb3 27. Qd5+ Kh8 28. Qxd6 Rf8 29. Bxe5 Ref2 30. Rae1 Qg5 31. Bg3 Rd2 32. Qc7 Rxb2 33. Rgf1 Rg8 34. Rxe4 Nd2 35. Rg4 Qe3 36. Re1 Qxc3 37. Rh4 Qf6 38. Be5 Qf8 39. Bd6 Qf6 40. Bg3 Qf8 41. Qc6 Rb1 42. Rc1 Rxc1+ 43. Kh2 Nf1+ 44. Kg1 Nxg3+ 45. Kh2 Rh1+ 46. Kxg3 Be5+ 47. Kg4 Qf4# 0-1


[Site "https://www.chess.com"]

[Event "Titled Tuesday Blitz May 2 Early 2023"]
[White "Seletsky, Grigory"]
[Black "Martinez Reyes, Pedro Ramon"]
[WhiteFideId "14112191"]
[BlackFideId "3901807"]
[WhiteElo "2490"]
[BlackElo "2340"]
[Result "0-1"]
[Round "04"]
[TimeControl "180+2"]
[Date "2023.05.02"]
[WhiteClock "0:01:20"]
[BlackClock "0:01:38"]

1. e4 Nc6 2. Nc3 g6 3. d4 d6 4. Be3 Bg7 5. Nge2 Nf6 6. f3 a6 7. Qd2 b5 8. Bh6 O-O 9. Bxg7 Kxg7 10. h4 h5 11. Ng3 e5 12. Nce2 Re8 13. d5 Ne7 14. O-O-O Bd7 15. Kb1 Qb8 16. Nc1 Qb6 17. Rg1 Qxg1 18. Bd3 Qb6 19. Qg5 c6 20. f4 Qe3 21. Nce2 cxd5 22. exd5 Bg4 0-1


[Site "https://www.chess.com"]

[Event "Titled Tuesday Blitz May 2 Early 2023"]
[White "Daeschler, Florian"]
[Black "Skliarov, Viktor"]
[WhiteFideId "20678193"]
[BlackFideId "14106736"]
[WhiteElo "2221"]
[BlackElo "2317"]
[Result "0-1"]
[Round "04"]
[TimeControl "180+2"]
[Date "2023.05.02"]
[WhiteClock "0:00:04"]
[BlackClock "0:00:15"]

1. d4 Nf6 2. c4 e6 3. g3 c5 4. d5 exd5 5. cxd5 b5 6. e4 Nxe4 7. Bg2 Nd6 8. Nf3 Be7 9. O-O O-O 10. Bf4 Na6 11. Nc3 Nc7 12. Re1 Re8 13. Qd3 b4 14. Ne4 Nxe4 15. Rxe4 d6 16. Qd2 Bf5 17. Re3 Bf6 18. Rae1 Rxe3 19. Rxe3 Qd7 20. Bg5 Bxg5 21. Nxg5 h6 22. Ne4 Bxe4 23. Bxe4 Re8 24. Qe2 Kf8 25. Qh5 Re5 26. Qf3 Nb5 27. g4 Nd4 28. Qg3 Qe7 29. Qg2 g5 30. h4 Qf6 31. hxg5 hxg5 32. Qg3 Qf4 33. Qg2 a5 34. b3 Ke7 35. Kh1 Kd8 36. Kg1 Kc7 37. Kh1 Kb6 38. Kg1 c4 39. bxc4 Kc5 40. Kh1 a4 41. Kg1 b3 42. axb3 axb3 43. Kh1 b2 44. Bb1 Rxe3 45. fxe3 Qxe3 46. Qxb2 Qe1+ 47. Kg2 Qe2+ 48. Qxe2 Nxe2 49. Bf5 Kxc4 50. Kf3 Nc3 51. Ke3 Nxd5+ 52. Kd2 Kd4 0-1


[Site "https://www.chess.com"]

[Event "Titled Tuesday Blitz May 2 Early 2023"]
[White "Omariev, Maksim"]
[Black "Gontcharov, Vladislav"]
[WhiteFideId "4193423"]
[BlackFideId "4123492"]
[WhiteElo "2304"]
[BlackElo "2420"]
[Result "0-1"]
[Round "04"]
[TimeControl "180+2"]
[Date "2023.05.02"]
[WhiteClock "0:00:01"]
[BlackClock "0:00:05"]

1. e4 e6 2. d4 d5 3. Nc3 Bb4 4. exd5 exd5 5. Bd3 Ne7 6. Qf3 c5 7. a3 Bxc3+ 8. bxc3 c4 9. Be2 Bf5 10. Bd1 Nbc6 11. Ne2 O-O 12. Ng3 Bg6 13. h4 Re8 14. h5 Be4 15. Nxe4 dxe4 16. Qg4 Nd5 17. Rh3 Qf6 18. Bg5 Qe6 19. Qxe6 Rxe6 20. Bg4 Rd6 21. Kd2 Nce7 22. Rb1 f6 23. Bh4 Rb6 24. Rhh1 Kf7 25. Bg3 f5 26. Be2 Rc8 27. Rxb6 Nxb6 28. Rb1 Ned5 29. Be5 Rc6 30. a4 Nxa4 31. Rxb7+ Ke8 32. Rxg7 h6 33. Rxa7 Naxc3 34. Rh7 Nb5 35. Rh8+ Kf7 36. Rh7+ Kg8 37. Rh8+ Kf7 38. Rh7+ Kg8 39. Rg7+ Kf8 40. Rg6 Rxg6 41. hxg6 c3+ 42. Kc1 Na3 43. Ba6 Kg8 44. Bb7 Ne7 45. Bc8 Nxg6 46. Be6+ Kf8 47. Bxf5 Nh4 48. Bxe4 Kf7 49. g3 Ng6 50. f4 Nb5 51. Bd3 Na7 52. Bc4+ Ke7 53. d5 Nc8 54. Bd4 Nd6 55. Bd3 Nf8 56. Bxc3 h5 57. Bb4 Nd7 58. c4 Nf6 59. c5 Nde4 60. d6+ Kd7 61. Bb5+ Ke6 62. c6 Nxd6 63. Ba6 Nfe8 64. Ba5 Ne4 65. c7 Nxc7 66. Bxc7 Nxg3 67. Be5 Ne2+ 68. Kd2 Ng1 0-1


[Site "https://www.chess.com"]

[Event "Titled Tuesday Blitz May 2 Early 2023"]
[White "Melikhov, Evgeny V."]
[Black "Pham, Khoi"]
[WhiteFideId "4122046"]
[BlackFideId "1054988"]
[WhiteElo "2158"]
[BlackElo "2355"]
[Result "0-1"]
[Round "04"]
[TimeControl "180+2"]
[Date "2023.05.02"]
[WhiteClock "0:00:10"]
[BlackClock "0:00:29"]

1. d4 f5 2. e4 fxe4 3. Nc3 Nf6 4. Bg5 g6 5. Bc4 Bg7 6. h4 d5 7. Bxf6 exf6 8. Nxd5 Nc6 9. Ne2 Na5 10. Ne3 Nxc4 11. Nxc4 Be6 12. Ne3 f5 13. c4 Qd6 14. Qa4+ Bd7 15. Qb3 O-O-O 16. c5 Qa6 17. a4 f4 18. Nd5 Be6 19. Nexf4 Bxd5 20. Nxd5 Kb8 21. O-O-O Qe6 22. c6 b6 23. Kb1 Qxd5 24. Qc2 Rd6 25. Rc1 Qxd4 26. Rhd1 Qe5 27. Rxd6 Qxd6 28. Qxe4 Qd4 29. Qxd4 Bxd4 30. Rd1 Bxf2 31. h5 gxh5 32. Rd7 h4 33. b4 a5 34. b5 Kc8 35. Kc2 Bc5 36. Kd3 Bd6 37. Ke4 Re8+ 38. Kf5 Re7 39. Rxe7 Bxe7 40. Ke6 Kd8 41. Kf7 h6 42. Kg6 Bg5 43. Kf7 Bd2 44. Kf8 Bb4+ 45. Kf7 Bc5 46. Kg6 Ke7 47. Kxh6 Kd6 48. Kg5 Bf2 49. Kg4 Kc5 50. Kf5 Bg3 51. Ke6 Kb4 0-1


[Site "https://www.chess.com"]

[Event "Titled Tuesday Blitz May 2 Early 2023"]
[White "Myers, Dominique"]
[Black "Demin, Vladimir"]
[WhiteFideId "2041715"]
[BlackFideId "4167457"]
[WhiteElo "1934"]
[BlackElo "2430"]
[Result "1/2-1/2"]
[Round "04"]
[TimeControl "180+2"]
[Date "2023.05.02"]
[WhiteClock "0:00:51"]
[BlackClock "0:00:05"]

1. e4 e5 2. Nf3 Nc6 3. d4 exd4 4. Bc4 Bc5 5. c3 dxc3 6. Bxf7+ Kxf7 7. Qd5+ Kf8 8. Qxc5+ d6 9. Qxc3 Qf6 10. O-O Bg4 11. Nfd2 Re8 12. f3 Bd7 13. Nc4 Nd4 14. Rf2 Ne7 15. Be3 Nec6 16. Nbd2 b5 17. Na5 b4 18. Qd3 Kf7 19. Nxc6 Nxc6 20. Rc1 Rhf8 21. Rxc6 Bxc6 22. Qc4+ d5 23. exd5 Rxe3 24. Ne4 Re1+ 25. Rf1 Rxf1+ 26. Kxf1 Qe5 27. d6+ Bd5 28. Qxc7+ Kg8 29. Nf2 Qxb2 30. d7 Qa1+ 31. Ke2 Qxa2+ 32. Ke3 Qb3+ 33. Nd3 Be6 34. d8=Q Rxd8 35. Qxd8+ Kf7 36. Qc7+ Kg6 37. Qxa7 Qc3 38. Qb6 Kf7 39. Ke4 Qc4+ 40. Ke3 Qc3 41. Qxb4 Qxb4 42. Nxb4 Kf6 43. Nd3 h5 44. Kf4 g5+ 45. Ke4 Bf5+ 46. Ke3 h4 47. Nf2 Be6 48. Ke4 Bf5+ 49. Kd5 Be6+ 50. Kd6 Bc8 51. Ng4+ Kf5 52. g3 hxg3 53. hxg3 Bb7 54. Ne5 Ba8 55. Nc6 Bb7 56. Ne7+ Kf6 57. Nd5+ Kf5 58. Ne3+ Kf6 59. f4 gxf4 60. gxf4 Be4 61. Kc5 Bh7 62. Kd4 Bg8 63. Ke4 Bh7+ 64. Kf3 Bb1 65. Kg4 Ba2 66. f5 Bb1 67. Nd5+ Ke5 68. f6 Bg6 69. Kg5 Bf7 70. Nf4 Ba2 71. Nh5 Ke6 72. Kg6 Kd7 73. Kg7 Bb3 74. Nf4 Ba2 75. Ng6 Bb3 76. Kf8 Ba2 77. Nf4 Bb3 78. Kg7 Ba2 79. Kg6 Bb3 80. Kf5 Ba2 81. Ke5 Ke8 82. Ne6 Kf7 83. Ng5+ Kg6 84. Ne4 Kf7 85. Nd6+ Kg6 86. Nc8 Kf7 87. Ne7 Bb3 88. Kf5 Bc2+ 89. Kg5 Bb3 90. Nc8 Ba2 91. Nd6+ Kf8 92. Kg6 Bb1+ 93. Kg5 Ba2 94. Kf5 Bb1+ 95. Ke6 Ba2+ 96. Kd7 Bb1 97. Nc4 Ba2 98. Ne5 Bb3 99. Kd6 Ba2 100. Kc5 Bb3 101. Kd4 Ba2 102. Ke4 Bb3 103. Kf5 Ba2 104. Kg6 Bb1+ 105. Kh6 Ba2 106. Kg5 Bb1 107. Nd7+ Kf7 108. Nc5 Ba2 109. Nd3 Bb3 110. Kf5 Bc2 111. Ke4 Bxd3+ 112. Kxd3 Kxf6 1/2-1/2


[Site "https://www.chess.com"]

[Event "Titled Tuesday Blitz May 2 Early 2023"]
[White "Petrova, Irina"]
[Black "Hajiyev, Kanan"]
[WhiteFideId "14124122"]
[BlackFideId "13404148"]
[WhiteElo "2084"]
[BlackElo "2103"]
[Result "0-1"]
[Round "04"]
[TimeControl "180+2"]
[Date "2023.05.02"]
[WhiteClock "0:00:00"]
[BlackClock "0:00:00"]

1. e4 c6 2. d4 d5 3. Nc3 a6 4. Nf3 Bg4 5. h3 Bh5 6. Be2 e6 7. O-O Nf6 8. e5 Nfd7 9. Bg5 Qc7 10. Nd2 Bg6 11. Bh5 c5 12. Bxg6 hxg6 13. dxc5 Bxc5 14. Nb3 Bb4 15. Ne2 Nxe5 16. Bf4 Nbc6 17. Ned4 Bd6 18. Nxc6 bxc6 19. Qe2 O-O 20. Rfe1 Nc4 21. Bxd6 Qxd6 22. c3 c5 23. Rad1 Rab8 24. Qxc4 dxc4 25. Rxd6 cxb3 26. axb3 Rxb3 27. Rxa6 Rxb2 28. Rc6 Rd8 29. Rxc5 Rdd2 30. Rf1 Rbc2 31. c4 Rd4 32. Rc8+ Kh7 33. Rc7 Kg8 34. Rc8+ Kh7 35. Rc7 Rf4 36. c5 f6 37. c6 Rfc4 38. Rd1 Rxc6 39. Rxc6 Rxc6 40. h4 Rc4 41. g3 e5 42. Kg2 Kh6 43. Rd7 Rg4 44. Re7 Ra4 45. Rd7 Ra8 46. Re7 Rg8 47. Kf3 g5 48. hxg5+ Kxg5 49. Ke2 Kf5 50. Kf3 g6 51. Rf7 Ra8 52. Kg2 Ra3 53. Rg7 e4 54. Rg8 g5 55. Rf8 Ra2 56. Re8 Re2 57. Kf1 Rb2 58. Kg2 Ra2 59. Re7 Ra5 60. Re8 Re5 61. Ra8 g4 62. Ra4 Kg5 63. Rb4 Kf5 64. Ra4 Kg5 65. Rb4 f5 66. Rb8 Re6 67. Rg8+ Kf6 68. Rf8+ Ke5 69. Ra8 Rd6 70. Re8+ Re6 71. Ra8 Rd6 72. Re8+ Kd4 73. Rf8 Rd5 74. Ra8 Kd3 75. Ra3+ Ke2 76. Re3+ Kd1 77. Ra3 Rd2 78. Ra1+ Ke2 79. Ra3 Rd3 80. Ra2+ Ke1 81. Ra1+ Kd2 82. Ra2+ Kc3 83. Ra5 Rf3 84. Rc5+ Kd4 85. Ra5 Kd3 86. Ra3+ Ke2 87. Ra2+ Kd1 88. Ra1+ Kc2 89. Ra2+ Kb3 90. Ra5 Kb4 91. Rd5 Kc4 92. Ra5 Kd4 93. Ra4+ Ke5 94. Ra5+ Kf6 95. Ra6+ Kg5 96. Ra5 Rc3 97. Re5 Rc2 98. Re8 Rb2 99. Rg8+ Kf6 100. Re8 Kf7 101. Re5 Kf6 102. Re8 Rb7 103. Rf8+ Rf7 104. Re8 Re7 105. Rf8+ Ke5 106. Ra8 Re6 107. Ra5+ Kf6 108. Rb5 e3 109. fxe3 Rxe3 110. Rb6+ Kg5 111. Rb8 Re2+ 112. Kf1 Rc2 113. Rg8+ Kf6 114. Re8 Rb2 115. Re3 Ra2 116. Re8 Ra4 117. Kg1 Re4 118. Rf8+ Ke5 119. Kf2 Ra4 120. Re8+ Kd4 121. Rd8+ Ke4 122. Re8+ Kd5 123. Rd8+ Ke6 124. Re8+ Kf7 125. Rd8 Ra2+ 126. Ke3 Ra3+ 127. Kf2 Rf3+ 128. Kg2 Ke7 129. Rg8 Re3 130. Rg7+ Kf6 131. Rb7 Re2+ 132. Kf1 Re3 133. Rb6+ Ke5 134. Kf2 Rf3+ 135. Kg2 Rd3 136. Rb5+ Rd5 137. Rb2 Ke4 138. Re2+ Kd3 139. Rf2 Ke3 140. Rf1 Rd2+ 141. Kg1 Rd5 142. Rf4 Re5 143. Kg2 Ra5 144. Rf1 Ra2+ 145. Kg1 Ke4 146. Rf4+ Ke5 147. Rf1 Re2 148. Rc1 Ke4 149. Rc4+ Kf3 150. Rc3+ Re3 151. Rc5 Re1+ 152. Kh2 Re2+ 153. Kg1 Kxg3 154. Kf1 Rf2+ 155. Kg1 Rf3 156. Rc4 f4 0-1


[Site "https://www.chess.com"]

[Event "Titled Tuesday Blitz May 2 Early 2023"]
[White "Allahverdiyeva, Ayan"]
[Black "Ibadov, Dashgyn"]
[WhiteFideId "13412590"]
[BlackFideId "24107514"]
[WhiteElo "1980"]
[BlackElo "2208"]
[Result "0-1"]
[Round "04"]
[TimeControl "180+2"]
[Date "2023.05.02"]
[WhiteClock "0:00:03"]
[BlackClock "0:00:33"]

1. e4 e5 2. Nf3 Nc6 3. Bb5 a6 4. Ba4 Nf6 5. O-O b5 6. Bb3 Bc5 7. a4 Rb8 8. c3 d6 9. d4 Bb6 10. a5 Ba7 11. h3 Bb7 12. Be3 Nxe4 13. d5 Bxe3 14. dxc6 Nxf2 15. Rxf2 Bxf2+ 16. Kxf2 Bxc6 17. Na3 O-O 18. Nc2 Kh8 19. Bd5 Bd7 20. Qd2 c6 21. Bb3 e4 22. Ng5 d5 23. Qf4 Qf6 24. Qxf6 gxf6 25. Nxh7 Kxh7 26. g4 Be6 27. Ne3 Kg6 28. h4 Rbd8 29. Rd1 f5 30. gxf5+ Bxf5 31. Kg3 Be6 32. Kf4 Kf6 33. h5 Rh8 34. Rh1 c5 35. Bd1 d4 36. cxd4 cxd4 37. Ng4+ Bxg4 38. Bxg4 e3 39. Bf3 Rhe8 40. h6 d3 41. h7 e2 0-1


[Site "https://www.chess.com"]

[Event "Titled Tuesday Blitz May 2 Early 2023"]
[White "Womacka, Mathias"]
[Black "Matlakov, Maxim"]
[WhiteFideId "4611390"]
[BlackFideId "4168003"]
[WhiteElo "2377"]
[BlackElo "2666"]
[Result "0-1"]
[Round "04"]
[TimeControl "180+2"]
[Date "2023.05.02"]
[WhiteClock "0:00:28"]
[BlackClock "0:00:45"]

1. e4 c5 2. Nf3 e6 3. d4 cxd4 4. Nxd4 Nc6 5. Nc3 Qc7 6. Be3 a6 7. Bd3 Nf6 8. h3 b5 9. Nxc6 dxc6 10. f4 e5 11. f5 Bb7 12. a4 b4 13. Nb1 c5 14. Nd2 c4 15. Nxc4 Nxe4 16. O-O Bc5 17. Qe1 O-O 18. Bxc5 Qxc5+ 19. Kh2 Bd5 20. Nxe5 Rfe8 21. Ng4 Qc7+ 22. Kg1 Ng3 23. Qxb4 h5 24. Nh2 Ne2+ 25. Bxe2 Rxe2 26. Rf2 Rxf2 27. Kxf2 Qxc2+ 0-1


[Site "https://www.chess.com"]

[Event "Titled Tuesday Blitz May 2 Early 2023"]
[White "Koridze, Lile"]
[Black "Gabrielian, Artur"]
[WhiteFideId "13612514"]
[BlackFideId "4131002"]
[WhiteElo "2047"]
[BlackElo "2432"]
[Result "0-1"]
[Round "04"]
[TimeControl "180+2"]
[Date "2023.05.02"]
[WhiteClock "0:00:02"]
[BlackClock "0:00:11"]

1. d4 Nf6 2. c4 e6 3. Nf3 c5 4. d5 exd5 5. cxd5 d6 6. Nc3 g6 7. Nd2 Bg7 8. Nc4 O-O 9. Bg5 h6 10. Bh4 Re8 11. e3 Bf5 12. Bd3 Bxd3 13. Qxd3 Nbd7 14. Bg3 Ne5 15. Bxe5 dxe5 16. e4 Nh5 17. g3 Nf6 18. O-O Qd7 19. a4 h5 20. Kg2 h4 21. h3 Nh5 22. Rad1 Rf8 23. d6 f5 24. Qd5+ Kh7 25. Nxe5 Bxe5 26. Qxe5 Rae8 27. Qxc5 fxe4 28. Qc7 Rf7 29. Qxd7 Rxd7 30. Rfe1 hxg3 31. fxg3 Nf6 32. Rd4 e3 33. Rd3 Kh6 34. Kf3 Rf7 35. Kg2 Rd7 36. Nd1 Re6 37. Rexe3 Rexd6 38. Rxd6 Rxd6 39. Nc3 a6 40. Kf3 Rb6 41. Re2 Rb4 42. Rd2 Nh7 43. h4 Nf6 44. Ne2 Rxa4 45. Nf4 Rb4 46. Rd6 Rb3+ 47. Kg2 Rxb2+ 48. Kh3 Ne4 49. Rxg6+ Kh7 50. Re6 Nf2+ 51. Kg2 Ng4+ 52. Kg1 a5 53. Re7+ Kg8 54. Re6 Nf2 55. Re8+ Kf7 56. Ra8 b6 57. Nd5 Ng4 58. Rb8 a4 0-1


[Site "https://www.chess.com"]

[Event "Titled Tuesday Blitz May 2 Early 2023"]
[White "Ilamparthi A R"]
[Black "Gurevich, Dmitry"]
[WhiteFideId "45015775"]
[BlackFideId "2000407"]
[WhiteElo "2348"]
[BlackElo "2506"]
[Result "1-0"]
[Round "04"]
[TimeControl "180+2"]
[Date "2023.05.02"]
[WhiteClock "0:00:52"]
[BlackClock "0:00:22"]

1. e4 c5 2. Nf3 d6 3. d3 Nf6 4. g3 g6 5. Bg2 Bg7 6. O-O O-O 7. c3 Nc6 8. Re1 Bg4 9. h3 Bxf3 10. Qxf3 Rb8 11. a4 a6 12. Qe2 b5 13. axb5 axb5 14. Be3 Nd7 15. e5 Qc7 16. exd6 Qxd6 17. Nd2 Qc7 18. Ne4 Nd8 19. h4 h6 20. h5 g5 21. f4 gxf4 22. Bxf4 e5 23. Be3 f5 24. Nd2 Nf6 25. Nb3 Ne6 26. Ra6 Rbe8 27. Rea1 f4 28. Ra7 Qd8 29. Bxc5 Nxc5 30. Nxc5 Qb6 31. b4 fxg3 32. Rb7 Qd6 33. Raa7 Bh8 34. Be4 Rb8 35. Qg4+ 1-0


[Site "https://www.chess.com"]

[Event "Titled Tuesday Blitz May 2 Early 2023"]
[White "Dehtiarov, Roman"]
[Black "Golubev, Mikhail"]
[WhiteFideId "14186640"]
[BlackFideId "14100983"]
[WhiteElo "2189"]
[BlackElo "2374"]
[Result "1-0"]
[Round "04"]
[TimeControl "180+2"]
[Date "2023.05.02"]
[WhiteClock "0:01:59"]
[BlackClock "0:01:16"]

1. c4 g6 2. Nc3 Bg7 3. g3 e5 4. Bg2 Nc6 5. e4 Nd4 6. d3 d6 7. Be3 Ne7 8. h3 O-O 9. Nge2 f5 10. O-O Nec6 11. Nd5 Be6 12. Bxd4 exd4 13. exf5 Bxf5 14. g4 Be6 15. Ng3 Bxd5 16. Bxd5+ Kh8 17. f4 Qh4 18. Kg2 Rae8 19. Ne4 Ne7 20. Qe1 Qxe1 21. Raxe1 c6 22. Nxd6 cxd5 23. Nxe8 Rxe8 24. cxd5 1-0


[Site "https://www.chess.com"]

[Event "Titled Tuesday Blitz May 2 Early 2023"]
[White "Pourkashiyan, Atousa"]
[Black "Harshavardhan G B"]
[WhiteFideId "12502014"]
[BlackFideId "25059009"]
[WhiteElo "2228"]
[BlackElo "2323"]
[Result "1-0"]
[Round "04"]
[TimeControl "180+2"]
[Date "2023.05.02"]
[WhiteClock "0:00:04"]
[BlackClock "0:00:10"]

1. e4 e6 2. d4 d5 3. Nd2 c5 4. exd5 Qxd5 5. Ngf3 cxd4 6. Bc4 Qd6 7. O-O Nc6 8. Nb3 Nf6 9. Nbxd4 Nxd4 10. Nxd4 Be7 11. Nb5 Qc6 12. Bd3 a6 13. Nd4 Qc7 14. Bg5 O-O 15. Qf3 h6 16. Bh4 Rd8 17. c3 Nd5 18. Bg3 Bd6 19. Rad1 b5 20. Qe4 f5 21. Qe2 Qf7 22. Bxd6 Rxd6 23. Qe5 Rd8 24. Rfe1 Nc7 25. a4 bxa4 26. Bc4 Kh7 27. h4 Rb8 28. Nc6 Rxd1 29. Nxb8 Rxe1+ 30. Qxe1 Bb7 31. Qe5 Bd5 32. Bd3 Qg6 33. g3 Nb5 34. Nxa6 Na7 35. Nc7 Nc6 36. Qe3 Bb3 37. Nb5 Qf6 38. Nd4 Nxd4 39. cxd4 Bd5 40. Be2 Qe7 41. Kh2 Qc7 42. Bd3 Qb7 43. h5 Qxb2 44. Qe5 Qa1 45. Bxf5+ Kh8 46. Qb8# 1-0


[Site "https://www.chess.com"]

[Event "Titled Tuesday Blitz May 2 Early 2023"]
[White "Osinovsky, Stepan"]
[Black "Papasimakopoulos, Alexandros"]
[WhiteFideId "4157354"]
[BlackFideId "4244125"]
[WhiteElo "2222"]
[BlackElo "2359"]
[Result "0-1"]
[Round "04"]
[TimeControl "180+2"]
[Date "2023.05.02"]
[WhiteClock "0:00:02"]
[BlackClock "0:00:38"]

1. e4 e6 2. d3 d5 3. Nd2 c5 4. Ngf3 Nc6 5. g3 Nge7 6. Bg2 g6 7. O-O Bg7 8. Re1 O-O 9. c3 a5 10. a4 b6 11. h4 h6 12. Qb3 Ba6 13. exd5 exd5 14. Qc2 Rc8 15. Nf1 d4 16. c4 Nb4 17. Qd1 Bb7 18. N1h2 Nf5 19. Bf4 Re8 20. Qd2 Qd7 21. Bh3 Rxe1+ 22. Rxe1 Kh7 23. h5 Re8 24. Ne5 Bxe5 25. Rxe5 Rxe5 26. Bxe5 Qxa4 27. Ng4 Qc2 28. Nf6+ Kg7 29. Qf4 Nxd3 30. Nd7+ Kg8 31. Nf6+ Kf8 32. Nh7+ Ke7 33. Bf6+ Ke6 34. Bxf5+ gxf5 35. Nf8+ Kxf6 36. Qh4+ Kg7 37. Ne6+ Kh7 38. Nf8+ Kg8 0-1


[Site "https://www.chess.com"]

[Event "Titled Tuesday Blitz May 2 Early 2023"]
[White "Rangel, Daniel"]
[Black "Preotu, Razvan"]
[WhiteFideId "2124475"]
[BlackFideId "2613280"]
[WhiteElo "2256"]
[BlackElo "2407"]
[Result "0-1"]
[Round "04"]
[TimeControl "180+2"]
[Date "2023.05.02"]
[WhiteClock "0:01:12"]
[BlackClock "0:00:18"]

1. d4 Nf6 2. Nf3 g6 3. e3 Bg7 4. Be2 O-O 5. O-O c5 6. b3 cxd4 7. exd4 d5 8. Ba3 Nc6 9. Nbd2 Bf5 10. c3 Rc8 11. Re1 Re8 12. Bf1 Ne4 13. Nxe4 Bxe4 14. Bd3 Bxf3 15. Qxf3 e5 16. dxe5 Nxe5 17. Qd1 Nxd3 18. Qxd3 Rxc3 19. Rxe8+ Qxe8 20. Qxd5 Rxb3 21. Rd1 Rxa3 22. g3 Qc6 23. Qg5 h6 24. Qd2 Rc3 25. h4 b5 26. Qe2 Rc2 27. Qe7 Qf3 28. Rf1 Kh7 29. Qxa7 Rd2 30. Qa5 Rxf2 31. Rxf2 Bd4 32. Qd2 Qxg3+ 33. Kf1 Qxf2+ 34. Qxf2 Bxf2 35. Kxf2 g5 36. Ke3 gxh4 37. Kf4 Kg6 38. Kg4 Kf6 39. Kxh4 Ke5 40. Kh5 f5 41. Kxh6 f4 42. Kg5 Ke4 43. Kg4 f3 44. Kg3 Ke3 45. Kh2 f2 46. Kg2 Ke2 47. a4 f1=Q+ 48. Kg3 bxa4 49. Kh4 a3 50. Kh5 a2 51. Kh6 a1=Q 52. Kh7 Qaf6 53. Kg8 Qg2+ 54. Kh7 Qh4# 0-1


[Site "https://www.chess.com"]

[Event "Titled Tuesday Blitz May 2 Early 2023"]
[White "Liu, Casper"]
[Black "Mirzoev, Azer"]
[WhiteFideId "1454153"]
[BlackFideId "13400304"]
[WhiteElo "2221"]
[BlackElo "2525"]
[Result "1/2-1/2"]
[Round "04"]
[TimeControl "180+2"]
[Date "2023.05.02"]
[WhiteClock "0:00:21"]
[BlackClock "0:00:05"]

1. e4 c5 2. Nc3 e6 3. g3 a6 4. Bg2 b5 5. Nge2 Bb7 6. d4 b4 7. Na4 cxd4 8. Nxd4 Nf6 9. Qe2 Nc6 10. Be3 Qa5 11. b3 Be7 12. O-O Nxd4 13. Bxd4 Qb5 14. Qxb5 axb5 15. Nb6 Ra6 16. Rfd1 Bxe4 17. Nxd7 Bxg2 18. Nxf6+ gxf6 19. Kxg2 Rg8 20. Be3 h5 21. Rd4 Rg4 22. Kf3 Rxd4 23. Bxd4 f5 24. h4 Rc6 25. Rc1 Ra6 26. Ra1 f6 27. Ke2 e5 28. Be3 Kd7 29. Bd2 Ke6 30. c3 bxc3 31. Bxc3 b4 32. Bb2 Bc5 33. Rc1 Kd5 34. Rd1+ Bd4 35. Bxd4 exd4 36. Rd2 Ke4 37. f3+ Kd5 38. Rc2 Re6+ 39. Kf2 d3 40. Rc8 Kd4 41. Rc4+ Kd5 42. Rc8 Re2+ 43. Kf1 Rxa2 44. Rd8+ Kc5 45. Ke1 Rb2 46. Rxd3 Rg2 47. f4 Rb2 48. Kd1 Rg2 49. Ke1 Rb2 50. Kd1 Rg2 51. Ke1 1/2-1/2


[Site "https://www.chess.com"]

[Event "Titled Tuesday Blitz May 2 Early 2023"]
[White "Garakov, Mikhael"]
[Black "Kucuksari, Kaan"]
[WhiteFideId "4169034"]
[BlackFideId "6380166"]
[WhiteElo "2347"]
[BlackElo "2364"]
[Result "0-1"]
[Round "04"]
[TimeControl "180+2"]
[Date "2023.05.02"]
[WhiteClock "0:00:22"]
[BlackClock "0:01:59"]

1. e4 c5 2. Nf3 Nc6 3. Bb5 g6 4. O-O Bg7 5. Nc3 Nd4 6. Ba4 a6 7. Nxd4 cxd4 8. Ne2 b5 9. Bb3 Bb7 10. d3 e6 11. c3 dxc3 12. bxc3 Ne7 13. Ba3 O-O 14. Rc1 a5 15. Bd6 Ra6 16. e5 Rxd6 17. exd6 Nf5 18. c4 Nxd6 19. cxb5 Nxb5 20. d4 Qg5 21. d5 a4 22. Bc4 Na3 23. Ng3 Bb2 24. Rc2 Nxc2 25. Qxc2 Be5 26. Qxa4 exd5 27. Qxd7 dxc4 28. Qxb7 c3 29. Qc6 Qd2 30. Ne4 Qd3 31. a4 c2 32. a5 Bb2 33. Nc5 Qxf1+ 0-1


[Site "https://www.chess.com"]